 Dungeon Crawl Stone Soup version 0.27-a0-1431-gcffa5a9b16 (webtiles) character file.

Game seed: 17917369260493318022

74 unlimited the Firebug (level 3, -6/26 HPs)
             Began as a Demigod Fire Elementalist on July 2, 2021.
             Mangled by a killer bee zombie (7 damage)
             ... on level 3 of the Dungeon.
             The game lasted 00:36:42 (10370 turns).

unlimited the Firebug (Demigod Fire Elementalist)  Turns: 10370, Time: 00:36:43

Health: -6/26      AC:  4    Str:  9    XL:     3   Next: 86%
Magic:  9/9        EV: 12    Int: 21    God:
Gold:   104        SH:  0    Dex: 14    Spells: 5/6 levels left

rFire    . . .     SeeInvis .   n - +1 dagger (vamp)
rCold    . . .     Faith    .   (no shield)
rNeg     . . .     Spirit   .   a - +2 robe
rPois    .         Reflect  .   (no helmet)
rElec    .         Harm     .   (no cloak)
rCorr    .         Rampage  .   (no gloves)
Will     .....                  (no boots)
Stlth    ++........             (no amulet)
HPRegen  0.08/turn              (no ring)
MPRegen  0.11/turn              (no ring)

@: no status effects
A: high mp 1, forlorn
a: no special abilities


You were on level 3 of the Dungeon.
You visited 1 branch of the dungeon, and saw 3 of its levels.

You collected 104 gold pieces.

Inventory:

Hand Weapons
 c - a +0 dagger
 f - a +0 whip
 i - a +0 hunting sling
 m - a +0 hunting sling
 n - a +1 vampiric dagger (weapon)
Missiles
 b - 155 stones
 d - 25 sling bullets
Armour
 a - a +2 robe (worn)
Scrolls
 e - a scroll of amnesia
 h - a scroll of teleportation
 k - a scroll of torment
Potions
 g - a potion of invisibility
 j - 3 potions of brilliance {unknown}
 l - a potion of attraction {unknown}


   Skills:
 + Level 2.0 Dodging
 + Level 2.0 Stealth
 + Level 2.2 Spellcasting
 + Level 1.9 Conjurations
 + Level 3.5 Fire Magic


You had 5 spell levels left.
You knew the following spells:

 Your Spells              Type           Power      Damage    Failure   Level
a - Foxfire               Conj/Fire      56%        2x1d6     4%          1

Your spell library contained the following spells:

 Spells                   Type           Power      Damage    Failure   Level
 Freeze                   Ice            8%         1d3       14%         1
 Conjure Flame            Conj/Fire      14%        6-21      14%         3
 Inner Flame              Hex/Fire       9%         N/A       21%         3
 Frozen Ramparts          Ice            4%         1d2       41%         3
 Sticky Flame             Conj/Fire      14%        2d4       41%         4
 Hailstorm                Conj/Ice       6%         3d4       67%         4
 Fireball                 Conj/Fire      7%         3d5       77%         5


Dungeon Overview and Level Annotations

Branches:
Dungeon (3/15)


Innate Abilities, Weirdness & Mutations

Your attributes grow dramatically as you level up.
You have an increased reservoir of magic. (+10% MP)
You shall have no god before yourself.


Message History

The killer bee zombie is severely damaged.
The killer bee zombie misses you.
The killer bee zombie barely misses you.
You closely miss the killer bee zombie.
The killer bee zombie is severely damaged.
The killer bee zombie completely misses you.
You closely miss the killer bee zombie.
The killer bee zombie is severely damaged.
The killer bee zombie closely misses you.
The killer bee zombie hits you.
You barely miss the killer bee zombie.
The killer bee zombie is severely damaged.
The killer bee zombie hits you. The killer bee zombie misses you.
You closely miss the killer bee zombie.
The killer bee zombie is severely damaged.
The killer bee zombie closely misses you.
The killer bee zombie hits you but does no damage.
You barely miss the killer bee zombie.
The killer bee zombie is severely damaged.
The killer bee zombie closely misses you.
The killer bee zombie hits you.
You barely miss the killer bee zombie.
The killer bee zombie is severely damaged.
The killer bee zombie hits you!
You closely miss the killer bee zombie.
The killer bee zombie is severely damaged.
The killer bee zombie misses you.
The killer bee zombie barely misses you.
You miss the killer bee zombie.
The killer bee zombie is severely damaged.
The killer bee zombie hits you.
* * * LOW HITPOINT WARNING * * *
The killer bee zombie hits you.
* * * LOW HITPOINT WARNING * * *
You closely miss the killer bee zombie.
The killer bee zombie is severely damaged.
The killer bee zombie hits you.
* * * LOW HITPOINT WARNING * * *
The killer bee zombie hits you!
You die...

#####..####
.......
######..#####
####....
#...........#
#....
#.####..###.#
.....
#...###.#
####.
#.......#
#....#..##
##...#...####
#.#####Z@..#
#...#...##.#
###.#..## ..
#....# #..
##.......# .#
.....###.. #
#######


You could see a killer bee zombie.

Vanquished Creatures
  A worm (D:2)
  2 dart slugs
  3 ball pythons
  4 endoplasms
  2 giant cockroaches (D:3)
  10 goblins
  9 hobgoblins
  3 jackals (D:2)
  3 quokkas
  8 bats
  A frilled lizard (D:3)
  5 kobolds
  7 rats
58 creatures vanquished.

Vanquished Creatures (others)
  218 foxfires
  A plant (D:1)
219 creatures vanquished.

Grand Total: 277 creatures vanquished

Notes
Turn   | Place    | Note
-------+----------+-------------------------------------------
     0 | D:1      | unlimited the Demigod Fire Elementalist began the quest for
                  | the Orb.
     0 | D:1      | Reached XP level 1. HP: 14/14 MP: 5/5
   410 | D:1      | Reached skill level 3 in Fire Magic
  1008 | D:1      | Reached XP level 2. HP: 20/20 MP: 2/7
  1125 | D:1      | Reached skill level 1 in Conjurations
  4263 | D:2      | Reached XP level 3. HP: 24/26 MP: 0/8
 10370 | D:3      | HP: 1/26 [killer bee zombie (4)]
 10370 | D:3      | Mangled by a killer bee zombie

Illustrated notes

Levels and vault maps discovered:
D:1:      onia_arrival_mini_maze, layout_loops_corners
D:2:      layout_basic, kennysheep_generic_room_3
D:3:      layout_loops_ring, minmay_goblin_kobold_house, uniq_sigmund

Skill      XL: |  1  2  3 |
---------------+----------+-----
Fire Magic     | 3 |  3.5
Conjurations   | 1 |  1.9
Dodging        | 2 |  2.0
Spellcasting   | 2 |  2.2
Stealth        | 2 |  2.0

Action                   || total
-------------------------++-------
Melee: Unarmed           ||     4
       Dagger            ||    42
 Cast: Foxfire           ||   132
  Use: Scroll            ||     7
 Stab: Sleeping          ||     1
Armor: Robe              ||    12
Dodge: Dodged            ||    60

Table legend: (Time is in decaauts)
 A = Elapsed time spent in this place.
 B = Non-inter-level travel time spent in this place.
 C = Inter-level travel time spent in this place.
 D = Time resting spent in this place.
 E = Time spent auto-exploring this place.
 F = Levels seen in this place.
 G = Mean time per level.
                   A        B        C        D        E       F      G
               +--------+--------+--------+--------+--------+-----+--------+
         Total |  10368 |   8566 |   1802 |   8061 |      0 |   3 | 3456.0 |
       Dungeon |  10368 |   8566 |   1802 |   8061 |      0 |   3 | 3456.0 |
               +--------+--------+--------+--------+--------+-----+--------+

Top non-repeatable levels by time:
     D:2: 4177 daAuts
     D:1: 4167 daAuts
     D:3: 2023 daAuts
